 Dungeon Crawl Stone Soup version 0.30.1-11-g7821555f0a (webtiles) character file.

Game seed: 6246989411849569142

883 monsoonserge the Trooper (level 7, -1/54 HPs)
             Began as a Demonspawn Warper on Dec 7, 2023.
             Slain by Menkaure (14 damage)
             ... on level 5 of the Dungeon.
             The game lasted 00:15:37 (4181 turns).

monsoonserge the Trooper (Demonspawn Warper)        Turns: 4181, Time: 00:15:37

Health: -1/54      AC:  8    Str: 12    XL:     7   Next: 76%
Magic:  0/10       EV: 11    Int: 18    God:
Gold:   183        SH:  0    Dex: 12    Spells: 8/10 levels left

rFire   + . .        A - +2 flail (drain)
rCold   . . .        (no shield)
rNeg    . . .        m - +0 ring mail
rPois   .            C - +0 helmet
rElec   .            g - +0 cloak
rCorr   .            (no gloves)
SInv    .            (no boots)
Will    .....        (no amulet)
Stlth   ++           i - ring of protection from fire
HPRegen 0.29/turn    s - ring of Shadows {Umbra +Inv Stlth+}
MPRegen 0.24/turn

%: guardian spirit
@: mighty, attractive, on blink cooldown, wreathed by umbra
A: foul stench 2, magic shield, magic regeneration, magic link, big brain 1
a: Evoke Invisibility


You were on level 5 of the Dungeon.
You visited 2 branches of the dungeon, and saw 6 of its levels.

You collected 183 gold pieces.

Inventory:

Hand Weapons
 a - a +2 dagger of speed
 b - a +2 dagger of venom
 A - a +2 flail of draining (weapon)
Missiles
 d - 3 boomerangs (quivered)
 q - 7 boomerangs of dispersal
 D - 2 javelins
Armour
 e - a +0 crystal plate armour
 g - a +0 cloak (worn)
 l - a +0 leather armour
 m - a +0 ring mail (worn)
 t - an orb of guile
 v - a +0 scale mail
 C - a +0 helmet (worn)
Magical Staves
 k - a staff of conjuration
Jewellery
 i - a ring of protection from fire (left hand)
 j - a ring of resist corrosion
 s - the ring of Shadows (right hand) {Umbra +Inv Stlth+}
   (You found it on level 3 of the Dungeon)

   [ring of stealth]

   Umbra:     It surrounds you with an aura of shadow, increasing your stealth
   and reducing the accuracy of all others within it.
   +Inv:      It lets you turn invisible.
   Stlth:     It makes you more stealthy.
Scrolls
 c - 6 scrolls of blinking
 n - 3 scrolls of vulnerability {unknown}
 o - a scroll of poison {unknown}
 p - a scroll of enchant armour {unknown}
 r - a scroll of magic mapping {unknown}
 u - 3 scrolls of identify {unknown}
 w - a scroll of immolation {unknown}
 y - a scroll of enchant weapon {unknown}
Potions
 h - 4 potions of attraction
 x - a potion of curing
 z - a potion of heal wounds {unknown}
 B - a potion of brilliance {unknown}
 E - a potion of mutation {unknown}


   Skills:
 + Level 4.1 Fighting
 - Level 2.2(2.6) Short Blades
 - Level 2.0(2.5) Long Blades
 + Level 3.5 Maces & Flails
 + Level 1.3 Throwing
 + Level 3.6 Armour
 + Level 3.4 Dodging
 - Level 2.0 Spellcasting
 + Level 3.5 Translocations
 + Level 1.2 Evocations


You had 8 spell levels left.
You knew the following spells:

 Your Spells              Type           Power      Damage    Failure   Level
a - Blink                 Tloc           28%        N/A       14%         2

Your spell library contained the following spells:

 Spells                   Type           Power      Damage    Failure   Level
 Lesser Beckoning         Tloc           28%        N/A       14%         2
 Teleport Other           Tloc           14%        N/A       26%         3
 Sandblast                Erth           2%         2d4       36%         1
 Passwall                 Tmut/Erth      0%         N/A       50%         2
 Vhi's Electric Charge    Tloc/Air       16%        N/A       50%         3
 Manifold Assault         Tloc           14%        N/A       65%         4
 Stone Arrow              Conj/Erth      2%         3d7       75%         3
 Animate Dead             Necr           1%         N/A       98%         4
 Haunt                    Necr/Summ      0%         N/A       100%        7
 Infestation              Necr           0%         N/A       100%        8


Dungeon Overview and Level Annotations

Branches:
Dungeon (5/15)             Temple (1/1) D:4

Altars:
Ashenzari
Dithmenos
Gozag
Qazlal
Ru
Wu Jian
Yredelemnul

Annotations:
D:4 dig
D:5 Menkaure


Innate Abilities, Weirdness & Mutations

You sometimes emit foul miasma when damaged in melee.
When hurt, damage is shared between your health and your magic reserves.
You regenerate magic rapidly.
When low on magic, you restore magic in place of health.
You have an unusually large brain. (Int +2)


Message History

Unknown command.
Throw: 3 boomerangs
Press: ? - help, Q - select action, (/) - cycle Shift-Dir - straight line, f/p - Menkaure
Aim: Menkaure (fast, umbra, 74% to hit)
You throw a boomerang. The boomerang hits Menkaure.
Menkaure is moderately damaged.
Menkaure calls on the powers of darkness!
The scorpion convulses!
Your body is wracked with pain!
You barely miss the scorpion.
The scorpion is severely wounded.
The scorpion stings you.
You are poisoned.
The scorpion poisons you!
You emit a cloud of foul miasma!
Menkaure calls on the powers of darkness!
The scorpion convulses!
Your body is wracked with pain!
* * * LOW HITPOINT WARNING * * *
It was a potion of attraction.
You feel attractive to monsters.
You feel sick.
The scorpion is engulfed in dark miasma.
The scorpion is poisoned.
You kill the scorpion!
You barely miss Menkaure.
Menkaure is moderately damaged.
You feel sick. Menkaure barely misses you.
Menkaure calls on the powers of darkness!
Your body is wracked with pain!
* * * LOW HITPOINT WARNING * * *
Okay, then.
It was a potion of curing.
You feel better. Menkaure barely misses you.
You aren't carrying any items that you can evoke.
Okay, then.
Casting: Blink (safe; 14% risk of failure)
Confirm with . or Enter, or press ? or * to list all spells.
You blink.
Menkaure is attracted toward you. Menkaure is attracted toward you.
It was a potion of might.
You feel very mighty all of a sudden. Menkaure hits you!
You die...

#... ..# #..†###..#
#.##.....+ #...#...!#
#...#....... .
#####.#.#.#..... ..
##.....#§#.#.....###
#.##......#M#.#.......
#.......#.#@#.#......#
..#....####.#.##.....#
#.#...# #.#........# #
#...###.#...#...#
#.#..###...##...##
...#..###....<....##
#.#####........)..<..#
.#....................#
#######...<....#####.#


You could see Menkaure (fast).

Vanquished Creatures
  Grinder (D:4)
  2 ogres
  A phantom (D:4)
  A centaur (D:4)
  A scorpion (D:5)
  A crimson imp (D:4)
  A hound (D:4)
  An iguana (D:4)
  Terence (D:2)
  An orc wizard (D:3)
  Robin (D:3)
  4 adders
  6 gnolls
  A white imp (D:5)
  A worm (D:2)
  4 dart slugs
  8 orcs
  9 ball pythons
  3 bats
  5 endoplasms
  4 giant cockroaches
  14 goblins
  4 hobgoblins
  A quokka (D:2)
  A frilled lizard (D:1)
  A goblin skeleton (D:4)
  2 hobgoblin zombies (D:4)
  12 kobolds
  2 orc skeletons (D:4)
  An orc zombie (D:4)
  5 rats
100 creatures vanquished.

Notes
Turn   | Place    | Note
-------+----------+-------------------------------------------
     0 | D:1      | monsoonserge the Demonspawn Warper began the quest for the
                  | Orb.
     0 | D:1      | Reached XP level 1. HP: 16/16 MP: 3/3
   209 | D:1      | Reached skill level 1 in Armour
   268 | D:1      | Gained mutation: You may rarely emit foul miasma when
                  | damaged in melee. [demonic ancestry]
   268 | D:1      | Reached XP level 2. HP: 22/22 MP: 5/5
   827 | D:1      | Learned a level 2 spell: Blink
   896 | D:2      | Gained mutation: You regenerate magic rapidly. [demonic
                  | ancestry]
   896 | D:2      | Reached XP level 3. HP: 19/27 MP: 6/6
  1204 | D:2      | Noticed Terence
  1455 | D:3      | Found a sacrificial altar of Ru.
  1559 | D:3      | Reached skill level 1 in Short Blades
  1559 | D:3      | Gained mutation: When hurt, damage is shared between your
                  | health and your magic reserves. [demonic ancestry]
  1559 | D:3      | Reached XP level 4. HP: 12/33 MP: 7/7
  1724 | D:3      | Found the ring of Shadows {Umbra +Inv Stlth+}
  1782 | D:3      | Noticed Robin
  2011 | D:4      | Gained mutation: You have an unusually large brain. (Int
                  | +2) [demonic ancestry]
  2011 | D:4      | Reached XP level 5. HP: 40/40 MP: 8/8
  2055 | D:4      | Reached skill level 3 in Fighting
  2409 | D:4      | Noticed a phantom
  2413 | D:5      | Entered Level 5 of the Dungeon
  2413 | D:5      | Noticed an ogre
  2417 | D:5      | Noticed a centaur
  2424 | D:4      | Killed a centaur
  2425 | D:4      | Reached skill level 1 in Evocations
  2425 | D:4      | Gained mutation: When low on magic, you restore magic in
                  | place of health. [demonic ancestry]
  2425 | D:4      | Reached XP level 6. HP: 45/47 MP: 9/9
  2794 | D:2      | Killed Terence
  2885 | D:3      | Killed Robin
  3426 | D:4      | Reached skill level 1 in Maces & Flails
  3448 | D:4      | Gained mutation: You sometimes emit foul miasma when
                  | damaged in melee. [demonic ancestry]
  3448 | D:4      | Reached XP level 7. HP: 22/53 MP: 7/10
  3567 | D:4      | Found a staircase to the Ecumenical Temple.
  3586 | Temple   | Entered the Ecumenical Temple
  3824 | D:4      | Noticed Grinder
  3850 | D:4      | Paralysed by Grinder for 3 turns
  3857 | D:4      | Killed Grinder
  3858 | D:4      | Reached skill level 4 in Fighting
  3858 | D:4      | Reached skill level 1 in Throwing
  4170 | D:5      | Noticed Menkaure
  4181 | D:5      | Slain by Menkaure

Illustrated notes

Levels and vault maps discovered:
D:1:      beargit_arrival_diablo_church, layout_basic
D:2:      layout_loops_cross, uniq_terence
D:3:      layout_rooms, nicolae_ru_path_of_blood, uniq_robin
D:4:      layout_layer_cave, nicolae_tso_besieged_by_evil,
          minmay_temple_entry_junction, serial_glass, glass_columns_b,
          glass_columns_c, due_unseen_surprise, item_on_display_a, uniq_grinder
D:5:      layout_cave_pools, mainiacjoe_overflow_catwalk,
          mainiacjoe_overflow_alcove_2, mainiacjoe_overflow_six_doors_small,
          serial_co_window_serial, co_window_paths_a, co_window_corner_a,
          co_window_paths_a, co_window_paths_a, co_window_of_opportunity_a,
          co_window_of_opportunity_a, co_window_of_opportunity_a,
          co_window_paths_a, co_window_paths_a, co_window_cross_4,
          co_window_unsneaky_path_a, co_window_2corner,
          minmay_a_box_with_orc_wizards_in_it, uniq_menkaure
Temple:   nicolae_temple_bog_church

Skill      XL: |  1  2  3  4  5  6  7 |
---------------+----------------------+-----
Translocations | 3 |  3.5
Armour         | 1 2 3 |  3.6
Long Blades    | 2 |  2.0
Short Blades   | 1 2 |  2.2
Dodging        | 2 3 |  3.4
Fighting       | 3 4 |  4.1
Evocations     | 1 |  1.2
Maces & Flails | 1 3 |  3.5
Throwing       | 1 |  1.3
Spellcasting   | |  2.0

Action                     |  1- 3 |  4- 6 |  7- 9 || total
---------------------------+-------+-------+-------++-------
  Melee: Falchion          |    80 |       |       ||    80
         Punch             |     2 |     1 |     1 ||     4
         Dagger            |    52 |   111 |       ||   163
         Flail             |       |    53 |    36 ||    89
  Throw: Boomerang         |       |     1 |    11 ||    12
   Cast: Blink             |     1 |     2 |     1 ||     4
    Use: Potion            |       |       |     3 ||     3
   Stab: Sleeping          |     1 |     4 |       ||     5
         Distracted        |       |     1 |       ||     1
 Armour: Leather armour    |    44 |    34 |     7 ||    85
         Ring mail         |       |       |     1 ||     1
  Dodge: Dodged            |    79 |    78 |    21 ||   178
